 Dungeon Crawl Stone Soup version 0.25.1-11-g244df3a29b (webtiles) character file.

Game seed: 12670070428684358771

974 DeepDeath the Spear-Bearer (level 7, -10/61 HPs)
             Began as a Minotaur Fighter on Jan 13, 2024.
             Mangled by an orc priest
             ... wielding a +1 short sword of electrocution
              (18 damage)
             ... on level 5 of the Dungeon.
             The game lasted 00:10:38 (3564 turns).

DeepDeath the Spear-Bearer (Minotaur Fighter)       Turns: 3564, Time: 00:10:40

Health: -10/61     AC:  6    Str: 24    XL:     7   Next: 95%
Magic:  6/6        EV: 12    Int:  5    God:
Gold:   320        SH:  0    Dex: 10    Spells: 6/6 levels left

rFire    + . .     SeeInvis .   a - +1 trident
rCold    . . .     Gourm    .   (no shield)
rNeg     . . .     Faith    .   o - +2 leather armour {rF+}
rPois    .         Spirit   .   (helmet restricted)
rElec    .         Reflect  .   (no cloak)
rCorr    .         Harm     .   g - +0 pair of gloves
MR       +....                  (no boots)
Stlth    +.........             (no amulet)
HPRegen  0.20/turn              p - ring of flight
MPRegen  0.10/turn              (no ring)

@: no status effects
A: retaliatory headbutt, horns 2, magic resistance 1, strong 1
a: Evoke Flight


You were on level 5 of the Dungeon.
You were not hungry.

You visited 1 branch of the dungeon, and saw 5 of its levels.
You also visited: Sewer.

You collected 320 gold pieces.

Inventory:

Hand Weapons
 a - a +1 trident (weapon)
Missiles
 h - 3 boomerangs
 l - 67 stones (quivered)
 n - 41 arrows
 v - 26 sling bullets
 x - 9 poisoned darts
Armour
 g - a +0 pair of gloves (worn)
 o - a +2 leather armour of fire resistance (worn)
 r - a +0 chain mail
Jewellery
 e - a +6 ring of intelligence {unknown}
 p - a ring of flight (left hand)
 s - a +6 ring of dexterity {unknown}
Wands
 q - a wand of disintegration (12)
Scrolls
 b - a scroll of magic mapping
 i - a scroll of enchant weapon
 y - a scroll of amnesia
 B - a scroll of teleportation
Potions
 c - 2 potions of flight
 d - a potion of lignification
 j - a potion of mutation
 k - 2 potions of stabbing {unknown}
 m - a potion of ambrosia {unknown}
 t - 2 potions of berserk rage {unknown}
 w - 8 potions of curing {unknown}
 z - 4 potions of heal wounds {unknown}
 A - 2 potions of brilliance {unknown}
Comestibles
 f - 9 rations
 u - 3 chunks of flesh


   Skills:
 - Level 5.0 Fighting
 + Level 9.2 Polearms
 - Level 2.0 Throwing
 - Level 5.0 Armour
 - Level 2.0 Dodging
   Level 3.6 Shields
 - Level 1.0 Evocations


You had 6 spell levels left.
You didn't know any spells.
Your spell library was empty.

Dungeon Overview and Level Annotations

Branches:
Dungeon (5/15)              Sewer (visited)
 Temple: D:4-7

Altars:

Annotations:
D:3 2 transporters


Innate Abilities, Weirdness & Mutations

You reflexively headbutt those who attack you in melee.
You have a pair of horns on your head.
You are resistant to hostile enchantments. (MR+)
Your muscles are strong. (Str +2)


Message History

You are too injured to fight recklessly!
You are too injured to fight recklessly!
You are too injured to fight recklessly!
You are too injured to fight recklessly!
You barely miss the orc priest. You headbutt the orc priest!
The orc priest is almost dead.
The hound closely misses you.
The orc priest mumbles some strange prayers to Beogh against you.
Beogh smites you!
* * * LOW HITPOINT WARNING * * *
The hound completely misses you.
Unknown command.
It was a potion of mutation.
You feel extremely strange.
You feel resistant to hostile enchantments.
You feel stronger. The hound closely misses you.
The orc priest hits you with a +1 short sword of electrocution.
* * * LOW HITPOINT WARNING * * *
You are electrocuted!!
You die...

..#..##.......###
...............# #.#
#..#..........# #.#
#....####.###.# #.#
#..'##≈≈###≈#.# #.# #.
#..#≈≈≈≈≈≈'.#.# #.#
#...#[)#÷≈≈≈≈≈'≈#.# #.#
#....oho##≈≈###≈#.# #.#
.......#@.####.###.#
#.###############....).....#
#...............).......####
#########################


You could see a hound, an orc priest and an orc.

Vanquished Creatures
  Duvessa (D:4)
  A centaur (D:4)
  A scorpion (D:4)
  Dowan (D:4)
  5 wights (D:5)
  2 orc priests (D:3)
  A jelly (D:5)
  3 orc wizards
  Natasha (D:4)
  3 worker ants (D:4)
  A hound skeleton (D:4)
  4 river rats (Sewer)
  4 adders
  A howler monkey skeleton (D:4)
  3 oozes
  4 worms
  3 dart slugs
  3 leopard geckos
  7 orcs
  4 giant cockroaches
  4 goblins
  2 hobgoblins
  3 jackals (D:1)
  20 kobolds
  6 ball pythons
  8 bats
  4 frilled lizards
  A quokka skeleton (D:4)
  25 rats
126 creatures vanquished.

Notes
Turn   | Place    | Note
-------+----------+-------------------------------------------
     0 | D:1      | DeepDeath the Minotaur Fighter began the quest for the Orb.
     0 | D:1      | Reached XP level 1. HP: 19/19 MP: 0/0
   141 | D:1      | Reached skill level 3 in Polearms
   172 | D:1      | Reached XP level 2. HP: 26/26 MP: 1/1
   333 | D:1      | Reached skill level 4 in Polearms
   639 | D:2      | Reached XP level 3. HP: 30/31 MP: 2/2
   764 | D:2      | Reached skill level 5 in Polearms
  1179 | D:3      | Found a transporter.
  1200 | D:3      | Reached XP level 4. HP: 23/39 MP: 3/3
  1203 | D:3      | Reached skill level 6 in Polearms
  1509 | D:3      | Found a transporter.
  1639 | D:3      | Reached XP level 5. HP: 45/46 MP: 4/4
  2055 | D:4      | Reached skill level 1 in Dodging
  2059 | D:4      | Reached skill level 1 in Throwing
  2199 | D:4      | Reached XP level 6. HP: 51/52 MP: 5/5
  2244 | D:4      | Noticed Dowan
  2247 | D:4      | Reached skill level 7 in Polearms
  2251 | D:4      | Killed Dowan
  2272 | D:4      | Noticed Duvessa
  2284 | D:4      | Killed Duvessa
  2284 | D:4      | Reached skill level 8 in Polearms
  2414 | D:4      | Reached XP level 7. HP: 59/59 MP: 6/6
  2752 | D:4      | Noticed Natasha
  2755 | D:4      | Killed Natasha
  2820 | D:5      | Entered Level 5 of the Dungeon
  2855 | D:5      | Reached skill level 1 in Evocations
  2982 | D:5      | Found a glowing drain.
  2987 | Sewer    | Entered a sewer
  3108 | Sewer    | Reached skill level 9 in Polearms
  3156 | Sewer    | Reached skill level 5 in Armour
  3298 | Sewer    | Reached skill level 5 in Fighting
  3564 | D:5      | Gained mutation: You are resistant to hostile enchantments.
                  | (MR+) [potion of mutation]
  3564 | D:5      | Gained mutation: Your muscles are strong. (Str +2) [potion
                  | of mutation]
  3564 | D:5      | Mangled by an orc priest

Illustrated notes

Levels and vault maps discovered:
D:1:      doesnt_arrival_eight_statues, layout_basic
D:2:      layout_basic, first_ration
D:3:      gammafunk_wand_slinger, layout_basic
D:4:      layout_basic, uniq_duvessa, uniq_natasha
D:5:      layout_basic, grunt_temple_overflow_diamond, kennysheep_mini_moat,
          gup_sewer_entry_bowl

Skill      XL: |  1  2  3  4  5  6  7 |
---------------+----------------------+-----
Polearms       | 3 4 5 6 8 9 |  9.2
Armour         | 4 5 |  5.0
Dodging        | 1 2 |  2.0
Fighting       | 4 5 |  5.0
Throwing       | 1 2 |  2.0
Evocations     | 1 |  1.0
Shields        | |  3.6

Action                   |  1- 3 |  4- 6 |  7- 9 || total
-------------------------+-------+-------+-------++-------
Melee: Trident           |    83 |    72 |   191 ||   346
       Headbutt          |     9 |    10 |    24 ||    43
Throw: Stone             |       |       |    14 ||    14
Evoke: Wand              |       |     3 |       ||     3
  Use: Scroll            |     6 |     5 |     1 ||    12
       Potion            |       |     3 |     2 ||     5
  Eat: Chunk             |       |     5 |     4 ||     9
Armor: Scale mail        |    24 |     7 |       ||    31
       Leather armour    |       |     5 |    18 ||    23
       Skin              |       |     6 |    18 ||    24
Dodge: Dodged            |    23 |    22 |    45 ||    90
